[Event "21st Sants Open 2019"]
[Site "Cotxeres de Sants"]
[Date "2019.08.27"]
[Round "5.16"]
[White "Romero Moreno, Felix"]
[Black "Vargas Drechsler, Carlos"]
[Result "1-0"]
[ECO "D45"]
[WhiteElo "1914"]
[BlackElo "1915"]
[Annotator "NA"]
[PlyCount "77"]
[EventDate "2019.08.22"]
[EventType "swiss"]
[EventCountry "ESP"]
[SourceTitle "playchess.com"]
[Source "ChessBase"]
[SourceQuality "1"]
[TimeControl "40/5400+30:1800+30"]

1. d4 d5 2. c4 e6 3. Nc3 Nf6 4. Nf3 c6 5. e3 Nbd7 6. Qc2 Bd6 7. b3 O-O 8. h3 e5 9. dxe5 Nxe5 10. Nxe5 Bxe5 11. Bb2 Qa5 12. f4 Bf5 13. Bd3 Bxd3 14. Qxd3 dxc4 15. bxc4 Rad8 16. Qc2 Bc7 17. O-O Qc5 18. Nd1 Rxd1 19. Raxd1 Qxe3+ 20. Kh1 Ne4 21. Rf3 Ng3+ 22. Kh2 Qe4 23. Qc3 Nh5 24. Re1 Qg6 25. g3 Rd8 26. Rfe3 f6 27. c5 Nxf4 28. Qb3+ Nd5 29. Re4 Kf8 30. Qf3 Ba5 31. R1e2 Nb4 32. Qa3 b6 33. cxb6 axb6 34. Rxb4 Bxb4 35. Qxb4+ c5 36. Qxb6 Qd3 37. Qxc5+ Kg8 38. Qc2 Qf3 39. Qb3+ {Rf8} 1-0

[Event "21st Sants Open 2019"]
[Site "Cotxeres de Sants"]
[Date "2019.08.27"]
[Round "5.17"]
[White "Planella Sanchez, Jordi"]
[Black "Manukonda Arun"]
[Result "1/2-1/2"]
[ECO "B99"]
[WhiteElo "1919"]
[BlackElo "1899"]
[Annotator "NA"]
[PlyCount "179"]
[EventDate "2019.08.22"]
[EventType "swiss"]
[EventCountry "ESP"]
[SourceTitle "playchess.com"]
[Source "ChessBase"]
[SourceQuality "1"]
[TimeControl "40/5400+30:1800+30"]

1. e4 c5 2. Nf3 d6 3. d4 cxd4 4. Nxd4 Nf6 5. Nc3 a6 6. Bg5 e6 7. f4 Be7 8. Qf3 Qc7 9. O-O-O Nbd7 10. g4 b5 11. Bd3 Bb7 12. Rhe1 Nc5 13. Bxf6 gxf6 14. Kb1 b4 15. Nce2 a5 16. Bb5+ Kf8 17. Bd3 a4 18. Qe3 b3 19. cxb3 axb3 20. a3 Kg7 21. Ng3 Rhc8 22. Rc1 Qa5 23. Bc4 Ba6 24. Bxa6 Qxa6 25. Nxb3 Rcb8 26. Nxc5 dxc5 27. Nh5+ Kf8 28. f5 Qxa3 29. Qxa3 Rxa3 30. Nf4 Bd6 31. Ng2 Be5 32. Re2 Rab3 33. Rcc2 c4 34. Kc1 R8b4 35. Ne3 Ra4 36. Rxc4 Ra1+ 37. Kd2 Rxb2+ 38. Rc2 Rb3 39. Rf2 Bd4 40. Re2 Raa3 41. Rc8+ Kg7 42. Nc2 Rb2 43. Kd1 Rb1+ 44. Kd2 Ra2 45. Rc7 Be5 46. Rc6 Bf4+ 47. Kc3 e5 48. Rd6 Rh1 49. Rg2 Rxh2 50. Rxh2 Bxh2 51. Rd1 Ra4 52. Kd3 Ra8 53. Ke2 Rb8 54. Ne3 Rb2+ 55. Kf3 Bf4 56. Nd5 Rb3+ 57. Kf2 Bg5 58. Rh1 Rd3 59. Rh5 Rd1 60. Rh3 Rd4 61. Kf3 h6 62. Rh1 Rd3+ 63. Kf2 Kf8 64. Kg2 Rb3 65. Kf2 Ke8 66. Kg2 Kd7 67. Rh3 Rb2+ 68. Kf3 Kd6 69. Rh1 Kc5 70. Rd1 Kc4 71. Ne3+ Kc5 72. Rd5+ Kc6 73. Rd3 Bh4 74. Rc3+ Kd7 75. Nd5 Rf2+ 76. Ke3 Rg2 77. Rc7+ Kd6 78. Rxf7 Rg3+ 79. Ke2 Kc5 80. Nxf6 Bxf6 81. Rxf6 Kd4 82. Rxh6 Rxg4 83. f6 Rxe4+ 84. Kf3 Rf4+ 85. Kg3 Kd5 86. Rg6 Ke6 87. Rh6 Kf7 88. Kg2 e4 89. Kg3 Rf1 90. Rh4 1/2-1/2

[Event "21st Sants Open 2019"]
[Site "Cotxeres de Sants"]
[Date "2019.08.27"]
[Round "5.18"]
[White "Vadillo, Torre Ismael"]
[Black "Paton Alvarez, Ivan"]
[Result "0-1"]
[ECO "D31"]
[WhiteElo "1616"]
[BlackElo "1544"]
[Annotator "NA"]
[PlyCount "88"]
[EventDate "2019.08.22"]
[EventType "swiss"]
[EventCountry "ESP"]
[SourceTitle "playchess.com"]
[Source "ChessBase"]
[SourceQuality "1"]
[TimeControl "40/5400+30:1800+30"]

1. d4 d5 2. c4 e6 3. Nc3 a6 4. cxd5 exd5 5. Nf3 Nf6 6. Bg5 Be7 7. e3 b6 8. Bd3 Bb7 9. Qc2 Nbd7 10. O-O O-O 11. Bf4 c5 12. b3 Rc8 13. Qb2 Nh5 14. Ne2 Nxf4 15. Nxf4 Re8 16. Rac1 Bd6 17. Nh3 Qe7 18. Qe2 cxd4 19. Nxd4 Nc5 20. Nf5 Qf6 21. Nxd6 Qxd6 22. Bf5 Rcd8 23. Qc2 g6 24. Bg4 h5 25. Bf3 Bc8 26. Nf4 d4 27. exd4 Nxb3 28. Qxb3 Qxf4 29. Rc6 Kg7 30. Qxb6 Qxd4 31. Qxd4+ Rxd4 32. Rc7 Be6 33. Re1 Rb8 34. a3 Kh6 35. h3 Ra4 36. Ra1 Rb3 37. Rd1 Rbxa3 38. Rd8 Ra1+ 39. Kh2 R4a2 40. Kg3 Rf1 41. Kf4 Rfxf2 42. Rb7 Rfd2 43. Rh8+ Kg7 44. Kg5 Ra5+ 0-1

[Event "21st Sants Open 2019"]
[Site "Cotxeres de Sants"]
[Date "2019.08.27"]
[Round "5.19"]
[White "Garcia Martinez, Hector"]
[Black "Cabrera Marmol, Manuel"]
[Result "1-0"]
[ECO "C35"]
[WhiteElo "1547"]
[BlackElo "1537"]
[Annotator "NA"]
[PlyCount "81"]
[EventDate "2019.08.22"]
[EventType "swiss"]
[EventCountry "ESP"]
[SourceTitle "playchess.com"]
[Source "ChessBase"]
[SourceQuality "1"]
[TimeControl "40/5400+30:1800+30"]

1. e4 e5 2. f4 exf4 3. Nf3 Be7 4. Nc3 Bh4+ 5. Ke2 Be7 6. d4 g5 7. h4 b6 8. hxg5 Bxg5 9. d5 d6 10. g3 Qf6 11. Qd4 Qxd4 12. Nxd4 Bf6 13. Ndb5 Bg4+ 14. Kf2 Kd7 15. Bxf4 Na6 16. Nxd6 cxd6 17. Bxa6 Bd4+ 18. Kg2 Nf6 19. Bb7 Rag8 20. Bc6+ Ke7 21. Nb5 Bxb2 22. Bxd6+ Kd8 23. Rab1 a6 24. Rxb2 axb5 25. Rxb5 Nxe4 26. Be5 f6 27. Bd4 Bd7 28. Bxb6+ Ke7 29. Bc7 Bxc6 30. dxc6 Rc8 31. Rb7 Ke6 32. Re1 f5 33. Rh1 Kd5 34. Rh6 Nc5 35. Rd6+ Kc4 36. Ra7 Ra8 37. Bb6 Ne4 38. Rxa8 Rxa8 39. Rd7 Rc8 40. c7 Kb5 41. Rd4 1-0

[Event "21st Sants Open 2019"]
[Site "Cotxeres de Sants"]
[Date "2019.08.27"]
[Round "5.20"]
[White "Serentill Tost, Eduard"]
[Black "Miro Arbelaes, Aleix"]
[Result "0-1"]
[ECO "B23"]
[WhiteElo "1621"]
[BlackElo "1467"]
[Annotator "NA"]
[PlyCount "28"]
[EventDate "2019.08.22"]
[EventType "swiss"]
[EventCountry "ESP"]
[SourceTitle "playchess.com"]
[Source "ChessBase"]
[SourceQuality "1"]
[TimeControl "40/5400+30:1800+30"]

1. e4 c5 2. Nc3 Nc6 3. f4 g6 4. Nf3 Bg7 5. Bc4 e6 6. d3 Nge7 7. a3 d5 8. exd5 exd5 9. Bb3 Bg4 10. h3 Bxf3 11. Qxf3 Nd4 12. Ba4+ Nec6 13. Qxd5 Nxc2+ 14. Kd2 Bxc3+ {[%emt 0:00:51] Ke1 Bg7+ Kf2 Nxa1 Bxc6+ bxc6 Qxc6+ Kf8 Qxc5+ Qe7} 0-1

[Event "21st Sants Open 2019"]
[Site "Cotxeres de Sants"]
[Date "2019.08.28"]
[Round "6.2"]
[White "Vaibhav, Suri"]
[Black "Antal, Gergely"]
[Result "1/2-1/2"]
[ECO "B12"]
[WhiteElo "2591"]
[BlackElo "2549"]
[Annotator "ChessBase"]
[PlyCount "110"]
[EventDate "2019.08.22"]
[EventType "swiss"]
[EventCountry "ESP"]
[SourceTitle "playchess.com"]
[Source "ChessBase"]
[SourceQuality "1"]
[TimeControl "40/5400+30:1800+30"]

1. e4 c6 2. d4 d5 3. e5 c5 4. Nf3 cxd4 5. Nxd4 Nc6 6. Nxc6 bxc6 7. Bd3 e6 8. O-O Ne7 9. Re1 Ng6 10. Nd2 Be7 11. Qg4 Qb6 12. c3 Ba6 13. Bc2 h5 14. Qg3 h4 15. Qg4 Bc5 16. Qf3 h3 17. b4 Be7 18. g3 Qc7 19. Bxg6 fxg6 20. Nb3 c5 21. bxc5 Bxc5 22. Qg4 Kf7 23. Be3 Bf8 24. Nd4 Re8 25. Nf3 Be7 26. Bg5 Qc4 27. Nd4 Bc5 28. Re3 Rh5 29. Rf3+ Kg8 30. Be3 Kh7 31. Rf7 Bxd4 32. Bxd4 Qd3 33. Qd1 Rf5 34. Qxd3 Bxd3 35. Rxa7 Rff8 36. Bc5 Ra8 37. Rxa8 Rxa8 38. f3 Rb8 39. Bb4 d4 40. Kf2 dxc3 41. Bxc3 Rc8 42. Bd2 Rc5 43. f4 g5 44. fxg5 Rxe5 45. Re1 Rxe1 46. Kxe1 Kg6 47. g4 Kf7 48. a4 g6 49. Kf2 Ke7 50. Ke3 Bf1 51. Kd4 Kd6 52. a5 Kc6 53. Ke5 Kb7 54. Kf6 Bd3 55. Kxe6 Ka6 1/2-1/2

[Event "21st Sants Open 2019"]
[Site "Cotxeres de Sants"]
[Date "2019.08.28"]
[Round "6.3"]
[White "Neef, Maximilian"]
[Black "Idani, Pouya"]
[Result "1-0"]
[ECO "A04"]
[WhiteElo "2481"]
[BlackElo "2581"]
[Annotator "ChessBase"]
[PlyCount "57"]
[EventDate "2019.08.22"]
[EventType "swiss"]
[EventCountry "ESP"]
[SourceTitle "playchess.com"]
[Source "ChessBase"]
[SourceQuality "1"]
[TimeControl "40/5400+30:1800+30"]

1. Nf3 d6 2. d4 Nf6 3. g3 g6 4. Bg2 Bg7 5. O-O O-O 6. b3 b5 7. Ne1 c6 8. Bb2 Qc7 9. Nd3 Bb7 10. Nd2 Nbd7 11. c4 bxc4 12. Nxc4 Rac8 13. e4 Nxe4 14. Bxe4 d5 15. Bg2 dxc4 16. bxc4 Rfd8 17. Qc2 e6 18. Rfd1 c5 19. d5 exd5 20. cxd5 Bxb2 21. Qxb2 Qb6 22. Qc3 Qd6 23. Rac1 Ba6 24. Nf4 Nb6 25. h4 Bb7 26. Bh3 Rc7 27. Nxg6 fxg6 28. Be6+ Rf7 29. Qf6 1-0

[Event "21st Sants Open 2019"]
[Site "Cotxeres de Sants"]
[Date "2019.08.28"]
[Round "6.5"]
[White "Santos Latasa, Jaime"]
[Black "Salinas Herrera, Pablo"]
[Result "0-1"]
[ECO "D11"]
[WhiteElo "2586"]
[BlackElo "2506"]
[Annotator "ChessBase"]
[PlyCount "92"]
[EventDate "2019.08.22"]
[EventType "swiss"]
[EventCountry "ESP"]
[SourceTitle "playchess.com"]
[Source "ChessBase"]
[SourceQuality "1"]
[TimeControl "40/5400+30:1800+30"]

1. d4 d5 2. c4 c6 3. Nf3 Nf6 4. e3 e6 5. b3 Nbd7 6. Bb2 Be7 7. Bd3 b6 8. O-O Bb7 9. Nc3 O-O 10. Qe2 Qc7 11. Rac1 Rad8 12. cxd5 exd5 13. Ba6 Ba8 14. Rc2 Qb8 15. Bd3 Bd6 16. Bf5 Rfe8 17. g3 Bb7 18. Rfc1 c5 19. Bh3 a6 20. Bg2 Qa8 21. a4 Nf8 22. Nb1 Ne4 23. a5 cxd4 24. Nxd4 bxa5 25. Nd2 Ne6 26. Nxe4 dxe4 27. Nxe6 Rxe6 28. Qg4 Bf8 29. Rc7 Bd5 30. Qf5 Ree8 31. Bc3 Bxb3 32. Qxa5 Rd5 33. Qa1 a5 34. Bd4 a4 35. Bh3 Red8 36. Qb1 Rxd4 37. exd4 Rxd4 38. Qb2 Qd8 39. Rc8 Qd6 40. Bf1 Be6 41. R8c6 Qd8 42. Ra6 a3 43. Qb7 Rb4 44. Qc6 a2 45. Ra8 Rb8 46. Ra6 Rc8 0-1

[Event "21st Sants Open 2019"]
[Site "Cotxeres de Sants"]
[Date "2019.08.28"]
[Round "6.8"]
[White "Berdayes Ason, Dylan Isidro"]
[Black "Sardana, Rishi"]
[Result "0-1"]
[ECO "B51"]
[WhiteElo "2458"]
[BlackElo "2410"]
[Annotator "ChessBase"]
[PlyCount "76"]
[EventDate "2019.08.22"]
[EventType "swiss"]
[EventCountry "ESP"]
[SourceTitle "playchess.com"]
[Source "ChessBase"]
[SourceQuality "1"]
[TimeControl "40/5400+30:1800+30"]

1. e4 c5 2. Nf3 d6 3. Bb5+ Nd7 4. O-O a6 5. Bd3 Ngf6 6. Re1 g6 7. c3 Bg7 8. Bc2 O-O 9. d4 e5 10. d5 b5 11. a4 Nb6 12. b3 Bd7 13. a5 Nc8 14. c4 Ne7 15. Nbd2 b4 16. Nf1 Ne8 17. Ra2 f5 18. exf5 gxf5 19. Ng3 Ng6 20. Ng5 Nf4 21. Bxf4 exf4 22. Ne6 Bxe6 23. dxe6 Qg5 24. e7 Rf7 25. Qd5 fxg3 26. Qxa8 gxf2+ 27. Kxf2 Bd4+ 28. Kf1 Qf4+ 29. Qf3 Qxh2 30. Re6 Rg7 31. Be4 Rg3 32. Bd5 Rxf3+ 33. gxf3 Qg1+ 34. Ke2 Kh8 35. Rd2 Bc3 36. Rd1 Qh2+ 37. Kd3 Qb2 38. Rg1 Qd2# 0-1

[Event "21st Sants Open 2019"]
[Site "Cotxeres de Sants"]
[Date "2019.08.28"]
[Round "6.10"]
[White "Lagunow, Raphael"]
[Black "Sanchez, Sebastian Felipe"]
[Result "1-0"]
[ECO "C18"]
[WhiteElo "2431"]
[BlackElo "2405"]
[Annotator "NA"]
[PlyCount "109"]
[EventDate "2019.08.22"]
[EventType "swiss"]
[EventCountry "ESP"]
[SourceTitle "playchess.com"]
[Source "ChessBase"]
[SourceQuality "1"]
[TimeControl "40/5400+30:1800+30"]

1. e4 e6 2. d4 d5 3. Nc3 Bb4 4. e5 c5 5. a3 Bxc3+ 6. bxc3 Ne7 7. Qg4 O-O 8. Bd3 Nbc6 9. Bg5 Qa5 10. Ne2 cxd4 11. f4 Ng6 12. Qh5 Qc7 13. O-O h6 14. Bxh6 gxh6 15. Qxh6 Qe7 16. Ng3 f5 17. Qxg6+ Qg7 18. Qxg7+ Kxg7 19. cxd4 Nxd4 20. Nh5+ Kf7 21. Nf6 b6 22. Kf2 Rh8 23. Rh1 Bb7 24. h4 Rac8 25. Rac1 Rc3 26. h5 Rxa3 27. h6 Ra2 28. Ra1 Rxa1 29. Rxa1 a6 30. h7 b5 31. g4 Bc8 32. gxf5 exf5 33. Rg1 Be6 34. Ra1 Bc8 35. Ke3 Nc6 36. c3 Ne7 37. Rg1 Be6 38. Rg5 Kf8 39. Kd4 Kf7 40. Be2 Kf8 41. Kc5 Bf7 42. Bh5 Bxh5 43. Rxh5 Kg7 44. Nxd5 Rc8+ 45. Kd6 Ng6 46. Rxf5 Kxh7 47. e6 a5 48. Rf7+ Kh6 49. f5 Nh4 50. e7 b4 51. Rf8 Nxf5+ 52. Rxf5 b3 53. Rf8 b2 54. Rxc8 b1=Q 55. e8=Q 1-0

[Event "21st Sants Open 2019"]
[Site "Cotxeres de Sants"]
[Date "2019.08.28"]
[Round "6.15"]
[White "Rios Torondell, Jaume"]
[Black "Romero Moreno, Felix"]
[Result "0-1"]
[ECO "B10"]
[WhiteElo "1891"]
[BlackElo "1914"]
[Annotator "NA"]
[PlyCount "104"]
[EventDate "2019.08.22"]
[EventType "swiss"]
[EventCountry "ESP"]
[SourceTitle "playchess.com"]
[Source "ChessBase"]
[SourceQuality "1"]
[TimeControl "40/5400+30:1800+30"]

1. e4 c6 2. Ne2 d5 3. e5 Bf5 4. Ng3 Bg6 5. h4 h5 6. Be2 e6 7. Nxh5 Bxh5 8. Bxh5 g6 9. Bf3 Rxh4 10. g3 Rxh1+ 11. Bxh1 Nd7 12. d4 Ne7 13. Nd2 Nf5 14. Nf3 c5 15. c3 Be7 16. Bg2 Qb6 17. Bh3 O-O-O 18. Bxf5 gxf5 19. Qb3 Qa6 20. Qc2 Rh8 21. Qe2 Rh1+ 22. Kd2 Qa5 23. dxc5 Nxc5 24. Nd4 Ne4+ 25. Kc2 a6 26. f3 Nxg3 27. Qg2 Bh4 28. Ne2 Re1 29. Nxg3 Qb5 30. Kd2 Bxg3 31. a4 Qf1 32. Qxf1 Rxf1 33. b3 Rxf3 34. Ba3 Bxe5 35. Bb4 Rh3 36. Rg1 Bg3 37. c4 dxc4 38. bxc4 Bf4+ 39. Kc2 Bg3 40. Rd1 Rh2+ 41. Kb3 Bc7 42. c5 f4 43. Rg1 Rh3+ 44. Kc4 Rg3 45. Rh1 Be5 46. Rh7 Bg7 47. c6 bxc6 48. Bd6 Rg4 49. Kc5 Kd7 50. Bb8 f3 51. Be5 f2 52. Rxg7 Rxg7 0-1

[Event "21st Sants Open 2019"]
[Site "Cotxeres de Sants"]
[Date "2019.08.28"]
[Round "6.17"]
[White "Rodriguez Regull, German"]
[Black "Abreu Flores, Daniel"]
[Result "1/2-1/2"]
[ECO "A05"]
[WhiteElo "1944"]
[BlackElo "1897"]
[Annotator "NA"]
[PlyCount "87"]
[EventDate "2019.08.22"]
[EventType "swiss"]
[EventCountry "ESP"]
[SourceTitle "playchess.com"]
[Source "ChessBase"]
[SourceQuality "1"]
[TimeControl "40/5400+30:1800+30"]

1. Nf3 Nf6 2. b4 e6 3. a3 d5 4. Bb2 Bd6 5. e3 Nbd7 6. d4 O-O 7. Nbd2 c6 8. c4 Bb8 9. Bd3 a5 10. b5 e5 11. cxd5 cxd5 12. dxe5 Ng4 13. Qc2 h6 14. e6 fxe6 15. Bh7+ Kh8 16. Qc3 e5 17. Bc2 Qe7 18. h3 Nxf2 19. Rf1 d4 20. Qb3 a4 21. Qc4 Nb6 22. Qe2 d3 23. Bxd3 Nxd3+ 24. Qxd3 e4 25. Qxe4 Qxe4 26. Nxe4 Re8 27. Nfd2 Nd5 28. Bd4 Bd7 29. Rf7 Bxb5 30. Rxg7 Be5 31. Bxe5 Rxe5 32. Rxb7 Bc6 33. Rb2 Nxe3 34. Kf2 Bxe4 35. Kxe3 Bxg2+ 36. Kf4 Re6 37. Nc4 Re4+ 38. Kg3 Bxh3 39. Nb6 Re3+ 40. Kf2 Rae8 41. Nxa4 Bd7 42. Nc5 Bc6 43. Rb3 Re2+ 44. Kf1 1/2-1/2

[Event "21st Sants Open 2019"]
[Site "Cotxeres de Sants"]
[Date "2019.08.28"]
[Round "6.18"]
[White "Miro Arbelaes, Aleix"]
[Black "Garcia Martinez, Hector"]
[Result "0-1"]
[ECO "D08"]
[WhiteElo "1467"]
[BlackElo "1547"]
[Annotator "NA"]
[PlyCount "35"]
[EventDate "2019.08.22"]
[EventType "swiss"]
[EventCountry "ESP"]
[SourceTitle "playchess.com"]
[Source "ChessBase"]
[SourceQuality "1"]
[TimeControl "40/5400+30:1800+30"]

1. d4 d5 2. c4 e5 3. dxe5 d4 4. a3 Nc6 5. e3 Nge7 6. exd4 Qxd4 7. Be2 Qxd1+ 8. Bxd1 Nxe5 9. Be2 Bf5 10. b3 Bd3 11. Bb2 N7g6 12. Nf3 Nxf3+ 13. Bxf3 O-O-O 14. Nc3 Bd6 15. Be2 Rhe8 16. g3 Be5 17. Bg4+ Kb8 18. O-O-O 0-1

[Event "21st Sants Open 2019"]
[Site "Cotxeres de Sants"]
[Date "2019.08.28"]
[Round "6.20"]
[White "Ferre Navarro, Joan"]
[Black "Vadillo, Torre Ismael"]
[Result "1/2-1/2"]
[ECO "D02"]
[WhiteElo "1533"]
[BlackElo "1616"]
[Annotator "NA"]
[PlyCount "90"]
[EventDate "2019.08.22"]
[EventType "swiss"]
[EventCountry "ESP"]
[SourceTitle "playchess.com"]
[Source "ChessBase"]
[SourceQuality "1"]
[TimeControl "40/5400+30:1800+30"]

1. d4 Nf6 2. Nf3 d5 3. Bf4 Nc6 4. h3 h6 5. e3 a6 6. c3 Bf5 7. Bd3 Qd7 8. Bxf5 Qxf5 9. Bxc7 Qg6 10. O-O Rc8 11. Bh2 Qf5 12. Qb3 Qd7 13. Nbd2 e6 14. Rac1 Bd6 15. Ne5 Qc7 16. f4 O-O 17. Qa4 Ne4 18. Nxe4 dxe4 19. Nxc6 Qxc6 20. Qxc6 Rxc6 21. f5 exf5 22. Bxd6 Rxd6 23. Rxf5 g6 24. Rf4 f5 25. Rcf1 Rdf6 26. g4 Kg7 27. gxf5 gxf5 28. Kh2 b5 29. a3 Kg6 30. h4 Kg7 31. h5 R8f7 32. Rg1+ Kf8 33. Rg2 Ke7 34. Kg1 Kd6 35. Kf1 Kd5 36. Ke1 Kc4 37. Kd2 a5 38. Rg8 Rf8 39. Rg7 R8f7 40. Rg2 Kb3 41. Kc1 Kc4 42. Kc2 a4 43. Rg6 Rf8 44. Rg7 R8f7 45. Rg6 Rf8 1/2-1/2

[Event "21st Sants Open 2019"]
[Site "Cotxeres de Sants"]
[Date "2019.08.29"]
[Round "7.2"]
[White "Salinas Herrera, Pablo"]
[Black "Neef, Maximilian"]
[Result "0-1"]
[ECO "E71"]
[WhiteElo "2506"]
[BlackElo "2481"]
[Annotator "ChessBase"]
[PlyCount "104"]
[EventDate "2019.08.22"]
[EventType "swiss"]
[EventCountry "ESP"]
[SourceTitle "playchess.com"]
[Source "ChessBase"]
[SourceQuality "1"]
[TimeControl "40/5400+30:1800+30"]

1. d4 Nf6 2. c4 g6 3. Nc3 Bg7 4. e4 d6 5. h3 O-O 6. Be3 Na6 7. g4 c5 8. Nge2 cxd4 9. Nxd4 b6 10. Bg2 Bb7 11. O-O Nc5 12. Qc2 Rb8 13. Rad1 Ncd7 14. f4 Qc8 15. Nd5 Re8 16. Rfe1 a6 17. a4 e6 18. Nxf6+ Nxf6 19. Bf2 Qc7 20. b3 Ba8 21. Qe2 e5 22. fxe5 Rxe5 23. Bg3 Rxe4 24. Bxe4 Nxe4 25. Qe3 Nxg3 26. Qxg3 Be5 27. Rxe5 dxe5 28. Re1 Re8 29. Nc2 Qc5+ 30. Ne3 Rd8 31. Qf2 Rd3 32. g5 Qd4 33. Kh2 Rd2 34. Re2 Qf4+ 35. Kg1 Qxg5+ 36. Ng4 Rxe2 37. Qxe2 h5 38. Qxe5 Qc1+ 39. Kf2 Qd2+ 40. Kg3 Qg2+ 41. Kh4 hxg4 42. hxg4 Qf2+ 43. Kg5 Qd2+ 44. Kh4 Qd8+ 45. g5 a5 46. c5 bxc5 47. Qxc5 Qd5 48. Qc8+ Kh7 49. Qf8 Qe4+ 50. Kg3 Qf3+ 51. Kh4 Qf4+ 52. Kh3 Bf3 0-1

[Event "21st Sants Open 2019"]
[Site "Cotxeres de Sants"]
[Date "2019.08.29"]
[Round "7.4"]
[White "Gokerkan, Cem Kaan"]
[Black "Puranik, Abhimanyu"]
[Result "1-0"]
[ECO "A05"]
[WhiteElo "2421"]
[BlackElo "2550"]
[Annotator "ChessBase"]
[PlyCount "91"]
[EventDate "2019.08.22"]
[EventType "swiss"]
[EventCountry "ESP"]
[SourceTitle "playchess.com"]
[Source "ChessBase"]
[SourceQuality "1"]
[TimeControl "40/5400+30:1800+30"]

1. Nf3 Nf6 2. g3 g6 3. b3 Bg7 4. Bb2 d5 5. c4 c6 6. Bg2 O-O 7. O-O Bf5 8. d3 Re8 9. Nbd2 a5 10. Rc1 Na6 11. Re1 Bg4 12. h3 Bxf3 13. Nxf3 e6 14. d4 Qd6 15. Ne5 Nd7 16. Nxd7 Qxd7 17. e3 Red8 18. Qd2 a4 19. bxa4 Nc7 20. a5 Ra7 21. cxd5 exd5 22. Bf1 Rda8 23. Bc3 Bf6 24. h4 Ne8 25. Bb4 Nc7 26. Rc2 h5 27. Rb1 Na6 28. Bc3 Bd8 29. Rcb2 Qc8 30. Rb3 Nc7 31. Qb2 Rb8 32. a4 Be7 33. Rb6 Bd6 34. Rxc6 Qd7 35. Rb6 Na8 36. Rb5 Nc7 37. Rb6 Na8 38. Rb3 Nc7 39. a6 Nxa6 40. Bxa6 Rxa6 41. Rxb7 Rxb7 42. Qxb7 Qf5 43. Rb6 Rxa4 44. Rxd6 Ra2 45. Rd8+ Kg7 46. Be1 1-0

[Event "21st Sants Open 2019"]
[Site "Cotxeres de Sants"]
[Date "2019.08.29"]
[Round "7.5"]
[White "Antal, Gergely"]
[Black "Gines Esteo, Pedro Antonio"]
[Result "0-1"]
[ECO "B12"]
[WhiteElo "2549"]
[BlackElo "2417"]
[Annotator "ChessBase"]
[PlyCount "116"]
[EventDate "2019.08.22"]
[EventType "swiss"]
[EventCountry "ESP"]
[SourceTitle "playchess.com"]
[Source "ChessBase"]
[SourceQuality "1"]
[TimeControl "40/5400+30:1800+30"]

1. e4 c6 2. d4 d5 3. e5 Bf5 4. h4 h5 5. Bd3 Bxd3 6. Qxd3 e6 7. Bg5 Be7 8. Nf3 Nh6 9. Nc3 Nf5 10. Ne2 c5 11. dxc5 Na6 12. Bxe7 Qxe7 13. Qb5+ Qd7 14. a4 Qxb5 15. axb5 Nxc5 16. Nfd4 Nxd4 17. Nxd4 Kd8 18. Rh3 Kc7 19. Rg3 g6 20. b4 Nd7 21. f4 Kb6 22. Kd2 Rhc8 23. Rc3 Rxc3 24. Kxc3 Rc8+ 25. Kd3 Rc4 26. c3 Nb8 27. g3 Rc8 28. Rc1 Nd7 29. Rc2 Rc4 30. Ra2 Rc8 31. Nf3 Rc7 32. Ra5 Nc5+ 33. Kc2 Ne4 34. Ra3 Nxg3 35. Kd3 Nf5 36. Nd2 Kxb5 37. Rxa7 Nxh4 38. Ra5+ Kc6 39. c4 b6 40. Ra8 Ng2 41. cxd5+ Kb7 42. d6 Kxa8 43. dxc7 Kb7 44. Ke4 h4 45. Kf3 h3 46. Ne4 Kxc7 47. Nf2 Ne1+ 48. Kg3 Nc2 49. Nd3 Kc6 50. Kxh3 Kd5 51. Kg3 Kd4 52. Nf2 Nxb4 53. Nh3 Nc6 54. Ng5 Nd8 55. Kf3 b5 56. Ne4 b4 57. Nd2 Kc3 58. Ne4+ Kc2 0-1

[Event "21st Sants Open 2019"]
[Site "Cotxeres de Sants"]
[Date "2019.08.29"]
[Round "7.6"]
[White "Sardana, Rishi"]
[Black "Harsha Bharathakoti"]
[Result "0-1"]
[ECO "B51"]
[WhiteElo "2410"]
[BlackElo "2489"]
[Annotator "RC"]
[PlyCount "168"]
[EventDate "2019.08.22"]
[EventType "swiss"]
[EventCountry "ESP"]
[SourceTitle "playchess.com"]
[Source "ChessBase"]
[SourceQuality "1"]
[TimeControl "40/5400+30:1800+30"]

1. e4 c5 2. Nf3 d6 3. Bb5+ Nd7 4. O-O a6 5. Bd3 Ngf6 6. Re1 e6 7. a4 b6 8. c3 Bb7 9. Na3 Qc7 10. Qe2 Be7 11. Bc2 Rc8 12. d3 O-O 13. h3 Rfe8 14. Bd2 Bf8 15. Rac1 e5 16. Bb3 h6 17. Nh4 d5 18. exd5 Nxd5 19. Nf3 Re6 20. Qd1 Rce8 21. Nc4 Qc6 22. d4 exd4 23. Rxe6 Qxe6 24. cxd4 cxd4 25. Nxd4 Qf6 26. Nf3 Nc5 27. Bc2 Ne4 28. Bxe4 Rxe4 29. Qb3 Nf4 30. Bxf4 Qxf4 31. Qc2 Re6 32. Qd2 Qf6 33. Qd4 Qg6 34. Qg4 Qf6 35. Qd4 Qg6 36. Qg4 Qxg4 37. hxg4 Bc5 38. Re1 Rxe1+ 39. Nxe1 Bc8 40. Nd3 Bd4 41. Nce5 Be6 42. b4 Bc3 43. f3 Bb3 44. a5 bxa5 45. bxa5 Bxa5 46. Kf2 Bb6+ 47. Ke2 f6 48. Nd7 Bd4 49. N7c5 Bc4 50. Kd2 Kf7 51. Ne4 Ke7 52. Ng3 g6 53. Ne2 Bb6 54. Nef4 Bf7 55. Kc3 a5 56. Ne2 Kd6 57. Nb2 Kc6 58. Nc4 Bc7 59. Nd4+ Kc5 60. Nb3+ Kb5 61. Nd4+ Ka6 62. Nc6 a4 63. Kb4 Bxc4 64. Kxc4 Bd6 65. Nd4 a3 66. Kb3 Kb6 67. Nc2 Kc6 68. Kc4 Bc5 69. Na1 Bd6 70. Nc2 Kd7 71. Kb3 Ke6 72. Nd4+ Ke5 73. Ne2 Kd5 74. Kc3 a2 75. Kb2 Kc4 76. Kxa2 Kd3 77. Nc1+ Ke3 78. Kb3 Kf2 79. Kc4 Kxg2 80. Kd5 Bf4 81. Nd3 Kxf3 82. Ke6 Bg5 83. Kf7 h5 84. Kxg6 h4 0-1

[Event "21st Sants Open 2019"]
[Site "Cotxeres de Sants"]
[Date "2019.08.29"]
[Round "7.7"]
[White "Idani, Pouya"]
[Black "Panelo, Marcelo"]
[Result "1/2-1/2"]
[ECO "B61"]
[WhiteElo "2581"]
[BlackElo "2378"]
[Annotator "ChessBase"]
[PlyCount "82"]
[EventDate "2019.08.22"]
[EventType "swiss"]
[EventCountry "ESP"]
[SourceTitle "playchess.com"]
[Source "ChessBase"]
[SourceQuality "1"]
[TimeControl "40/5400+30:1800+30"]

1. e4 c5 2. Nf3 d6 3. d4 cxd4 4. Nxd4 Nf6 5. Nc3 Nc6 6. Bg5 Bd7 7. Qd2 Rc8 8. O-O-O Nxd4 9. Qxd4 Qa5 10. Bd2 a6 11. f3 g6 12. Kb1 Qc5 13. Be3 Qxd4 14. Bxd4 Bg7 15. Nd5 e5 16. Bc3 Nxd5 17. Rxd5 Rc6 18. Bb4 Ke7 19. b3 Be6 20. Rd3 Rhc8 21. c3 Ra8 22. Ba3 a5 23. c4 a4 24. Be2 axb3 25. Rxb3 Bxc4 26. Bxc4 Rxc4 27. Rxb7+ Ke6 28. Bb4 Bf8 29. a3 f5 30. Rc1 Rxc1+ 31. Kxc1 fxe4 32. fxe4 d5 33. Rb6+ Kd7 34. exd5 Bxb4 35. axb4 Ra2 36. b5 e4 37. Rb7+ Kd6 38. Rxh7 e3 39. Kd1 Rxg2 40. b6 Kxd5 41. b7 Rb2 1/2-1/2

[Event "21st Sants Open 2019"]
[Site "Cotxeres de Sants"]
[Date "2019.08.29"]
[Round "7.8"]
[White "Avila Pavas, Santiago"]
[Black "Bauer, Christian"]
[Result "0-1"]
[ECO "A05"]
[WhiteElo "2411"]
[BlackElo "2626"]
[Annotator "RC"]
[PlyCount "89"]
[EventDate "2019.08.22"]
[EventType "swiss"]
[EventCountry "ESP"]
[SourceTitle "playchess.com"]
[Source "ChessBase"]
[SourceQuality "1"]
[TimeControl "40/5400+30:1800+30"]

1. Nf3 Nf6 2. g3 d5 3. Bg2 c6 4. O-O Bf5 5. d3 e6 6. c4 Nbd7 7. Nc3 Be7 8. b3 h6 9. Bb2 O-O 10. Qc2 Bh7 11. Rad1 e5 12. e4 d4 13. Nb1 a5 14. a3 Re8 15. Nbd2 Bd6 16. Nh4 Nc5 17. Bh3 Bf8 18. Nf5 Ne6 19. Bc1 b5 20. f4 exf4 21. gxf4 Nh5 22. Nb1 a4 23. b4 c5 24. bxc5 bxc4 25. Qxc4 Qb8 26. Bd2 Nhxf4 27. Bxf4 Nxf4 28. Bg4 h5 29. Nd6 Bxd6 30. cxd6 Qxd6 31. Bxh5 Bg6 32. Bg4 Qe5 33. Qc1 Ne6 34. Rd2 Rab8 35. Rdf2 Rb3 36. Qc4 Qg5 37. h3 Qe3 38. Qxa4 Reb8 39. Nd2 Rxd3 40. Nc4 Qg5 41. Qd7 Rbb3 42. Rg2 Rg3 43. Nd6 Rxg2+ 44. Kxg2 Qd2+ 45. Kh1 0-1